 Dungeon Crawl Stone Soup version 0.25-a0-160-gd1d2e81aba (webtiles) character file.

Game seed: 1963819298113293249, levelgen mode: deterministic

519931 MrRokkomies the Warrior (level 24, -1/152 HPs)
             Began as a Vampire Enchanter on Nov 20, 2019.
             Was an Elder of Sif Muna.
             Slain by a death ooze (8 damage)
             ... created by the Royal Jelly
             ... on level 5 of the Pits of Slime on Nov 21, 2019.
             The game lasted 05:01:39 (73768 turns).

MrRokkomies the Warrior (Vampire Enchanter)        Turns: 73768, Time: 05:01:40

Health: -1/152     AC: 34    Str: 14      XL:     24   Next: 61%
Magic:  23/40      EV: 19    Int: 25      God:    Sif Muna [****..]
Gold:   887        SH:  6    Dex: 19 (20) Spells: 4/49 levels left

rFire    + + +     SeeInvis +   b - staff of air
rCold    + . .     Gourm    .   L - +0 buckler {AC+3}
rNeg     + + +     Faith    .   W - +8 fire dragon scales
rPois    ∞         Spirit   .   f - +2 helmet {Int+3}
rElec    +         Reflect  .   K - +2 cloak
rCorr    +         Harm     .   Z - +1 pair of gloves
MR       ++++.                  F - +2 pair of boots of the Assassin {Detection Stab+ Stlth++}
Stlth    +++++++++.             V - amulet of Vitality {Regen+ HP+15}
HPRegen  0.00/turn              v - ring "Lustrousm" {rPois rF+ rN+ Str+4 Stlth+}
MPRegen  0.27/turn              R - ring of resist corrosion

@: bloodless, studying Fighting
A: no food, claws 1, fangs 3, see invisible, agile 1, deterioration 2, frail 1,
magic resistance 2, electricity resistance, unbreathing, evolution 1, MP-powered
wands
}: 2/15 runes: decaying, gossamer
a: Bat Form, Revivify, Channel Magic, Forget Spell, Divine Exegesis, Renounce
Religion


You were on level 5 of the Pits of Slime.
You worshipped Sif Muna.
Sif Muna was greatly pleased with you.
You were bloodless.

You visited 10 branches of the dungeon, and saw 51 of its levels.
You visited 1 bazaar.
You also visited: Trove, Ossuary, Gauntlet and Ice Cave.

You collected 7764 gold pieces.
You spent 6877 gold pieces at shops.

Inventory:

Hand Weapons
 a - a +9 quick blade of electrocution
 c - a +4 double sword of slicing
 w - the +3 Elemental Staff {rElec rF++ rC++ MR++ AC+5}
   (You found it in a treasure trove)

   It affects your AC (+5).
   It greatly protects you from fire.
   It greatly protects you from cold.
   It insulates you from electricity.
   It affects your resistance to hostile enchantments.
Missiles
 d - 35 curare-tipped darts
 y - 59 boomerangs (quivered)
 G - 8 throwing nets
Armour
 f - a +2 helmet of intelligence (worn)
 F - the +2 pair of boots of the Assassin (worn) {Detection Stab+ Stlth++}
   (You acquired it on level 12 of the Dungeon)

   It makes you much more stealthy.
 K - a +2 cloak (worn)
 L - a +0 buckler of protection (worn)
 W - +8 fire dragon scales (worn)
 Z - a +1 pair of gloves (worn)
Magical Staves
 b - an uncursed staff of air (weapon)
Jewellery
 v - the ring "Lustrousm" (left hand) {rPois rF+ rN+ Str+4 Stlth+}
   (You took it off a guardian mummy on level 3 of the Crypt)

   [ring of positive energy]

   It affects your strength (+4).
   It protects you from fire.
   It protects you from poison.
   It protects you from negative energy.
   It makes you more stealthy.
 R - a ring of resist corrosion (right hand)
 U - the ring of Vonlem {Ice Int+4}
   (You found it on level 3 of the Crypt)

   [ring of ice]

   It enhances your ice magic.
   It affects your intelligence (+4).
   It makes you vulnerable to fire.
   It protects you from cold.
 V - the amulet of Vitality (around neck) {Regen+ HP+15}
   (You found it on level 2 of the Spider Nest)

   [amulet of regeneration]

   It affects your health (+15).
   It increases your rate of regeneration.
Wands
 j - a wand of clouds (10)
 p - a wand of digging (19)
 A - a wand of iceblast (72)
 E - a wand of acid (30)
 H - a wand of disintegration (19)
 P - a wand of polymorph (8)
Scrolls
 g - 19 scrolls of identify
 h - 22 scrolls of remove curse
 l - 3 scrolls of magic mapping
 m - 9 scrolls of fog
 n - 13 scrolls of teleportation
 B - a scroll of silence
 M - 2 scrolls of enchant armour
 O - 4 scrolls of immolation
 T - 4 scrolls of fear
Potions
 e - 6 potions of haste
 q - 2 potions of resistance
 s - 3 potions of flight
 t - 18 potions of curing
 x - 3 potions of magic
 z - 4 potions of agility
 D - 3 potions of brilliance
 I - a potion of cancellation
 J - 6 potions of berserk rage
 Q - 6 potions of heal wounds
 X - 9 potions of might
 Y - 5 potions of ambrosia
Books
 r - a manual of Fighting
Miscellaneous
 i - a fan of gales
 k - a lightning rod (4/4)
 u - a phial of floods
 N - 3 phantom mirrors
 S - a lamp of fire


   Skills:
 + Level 17.8 Fighting
 - Level 10.0 Short Blades
 - Level 8.0 Armour
 - Level 15.0 Dodging
 - Level 15.0 Stealth
 - Level 4.0 Shields
 - Level 13.0 Spellcasting
 * Level 15.8 Conjurations
 - Level 15.0 Hexes
 + Level 2.6 Translocations
 - Level 14.0 Ice Magic
 * Level 17.8 Air Magic
 - Level 10.0 Invocations
 - Level 8.0 Evocations


You had 4 spell levels left.
You knew the following spells:

 Your Spells              Type           Power        Failure   Level  Hunger
a - Invisibility          Hex            ######..     5%          6    N/A
b - Ensorcelled Hibernat  Hex/Ice        ######       1%          2    N/A
c - Confuse               Hex            ######..     1%          3    N/A
d - Tukima's Dance        Hex            ######..     1%          3    N/A
e - Summon Butterflies    Summ           ###.....     16%         1    N/A
f - Cause Fear            Hex            ######....   1%          4    N/A
g - Airstrike             Air            ########..   1%          4    N/A
h - Swiftness             Chrm/Air       ######..     1%          2    N/A
i - Lightning Bolt        Conj/Air       ########..   1%          5    N/A
j - Freezing Cloud        Conj/Ice/Air   #######...   3%          6    N/A
k - Confusing Touch       Hex            ######       1%          1    N/A
l - Conjure Ball Lightni  Conj/Air       ########..   2%          6    N/A
m - Blink                 Tloc           N/A          9%          2    N/A

Your spell library contained the following spells:

 Spells                   Type           Power        Failure   Level  Hunger
 Shock                    Conj/Air       ####         0%          1    N/A
 Corona                   Hex            ######.      1%          1    N/A
 Flame Tongue             Conj/Fire      #####        1%          1    N/A
 Freeze                   Ice            ####         1%          1    N/A
 Magic Dart               Conj           ####         1%          1    N/A
 Sting                    Conj/Pois      ####         1%          1    N/A
 Poisonous Vapours        Pois/Air       ######       1%          2    N/A
 Searing Ray              Conj           ######       1%          2    N/A
 Slow                     Hex            ######..     1%          2    N/A
 Throw Flame              Conj/Fire      ######       1%          2    N/A
 Throw Frost              Conj/Ice       ######       1%          2    N/A
 Conjure Flame            Conj/Fire      ######..     1%          3    N/A
 Dazzling Spray           Conj/Hex       ######       1%          3    N/A
 Mephitic Cloud           Conj/Pois/Air  #######.     1%          3    N/A
 Portal Projectile        Hex/Tloc       ######       1%          3    N/A
 Static Discharge         Conj/Air       ########     1%          3    N/A
 Stone Arrow              Conj/Erth      ######       1%          3    N/A
 Fulminant Prism          Conj/Hex       #######...   1%          4    N/A
 Iskenderun's Mystic Bla  Conj           #######.     1%          4    N/A
 Throw Icicle             Conj/Ice       ######..     1%          4    N/A
 Inner Flame              Hex/Fire       ######..     2%          3    N/A
 Ozocubu's Armour         Chrm/Ice       ######..     2%          3    N/A
 Spectral Weapon          Hex/Chrm       ######..     2%          3    N/A
 Summon Guardian Golem    Hex/Summ       ######..     2%          3    N/A
 Force Lance              Conj/Tloc      ######..     3%          4    N/A
 Summon Lightning Spire   Summ/Air       ######..     4%          4    N/A
 Apportation              Tloc           ####..       5%          1    N/A
 Sticky Flame             Conj/Fire      ######..     6%          4    N/A
 Leda's Liquefaction      Hex/Erth       ######....   8%          4    N/A
 Ice Form                 Ice/Tmut       ######..     9%          4    N/A
 Summon Ice Beast         Ice/Summ       ######..     9%          4    N/A
 Shroud of Golubria       Chrm/Tloc      ###...       14%         2    N/A
 Animate Skeleton         Necr           N/A          16%         1    N/A
 Beastly Appendage        Tmut           ###...       16%         1    N/A
 Infusion                 Chrm           ###.         16%         1    N/A
 Pain                     Necr           ###.         16%         1    N/A
 Sandblast                Erth           ###...       16%         1    N/A
 Summon Small Mammal      Summ           ###.         16%         1    N/A
 Gell's Gravitas          Tloc           ####......   16%         3    N/A
 Lesser Beckoning         Tloc           ####......   16%         3    N/A
 Teleport Other           Tloc           ####....     16%         3    N/A
 Call Imp                 Summ           ###.....     24%         2    N/A
 Corpse Rot               Necr           N/A          24%         2    N/A
 Passwall                 Tmut/Erth      ###.....     24%         2    N/A
 Song of Slaying          Chrm           ###.....     24%         2    N/A
 Sticks to Snakes         Tmut           ###.....     24%         2    N/A
 Sublimation of Blood     Necr           ###.......   24%         2    N/A
 Recall                   Summ/Tloc      N/A          28%         3    N/A
 Call Canine Familiar     Summ           ###.....     43%         3    N/A
 Ignite Poison            Fire/Tmut/Pois ###.....     43%         3    N/A
 Regeneration             Chrm/Necr      ###.......   43%         3    N/A
 Spider Form              Tmut/Pois      ###.......   43%         3    N/A
 Vampiric Draining        Necr           ###.......   43%         3    N/A
 Passage of Golubria      Tloc           N/A          47%         4    N/A
 Animate Dead             Necr           N/A          85%         4    N/A
 Olgreb's Toxic Radiance  Pois           ###.....     85%         4    N/A
 Petrify                  Tmut/Erth      ###.....     85%         4    N/A
 Metabolic Englaciation   Hex/Ice        ######....   1%          5    N/A
 Silence                  Hex/Air        #######...   1%          5    N/A
 Bolt of Cold             Conj/Ice       ######....   5%          6    N/A
 Darkness                 Hex            ######....   5%          6    N/A
 Ozocubu's Refrigeration  Ice            ######....   8%          6    N/A
 Bolt of Draining         Conj/Necr      ######....   17%         5    N/A
 Fireball                 Conj/Fire      ######....   17%         5    N/A
 Irradiate                Conj/Tmut      ######....   17%         5    N/A
 Iskenderun's Battlesphe  Conj/Chrm      ######..     17%         5    N/A
 Venom Bolt               Conj/Pois      ######....   17%         5    N/A
 Summon Mana Viper        Hex/Summ       ######..     21%         5    N/A
 Yara's Violent Unravell  Hex/Tmut       ######....   21%         5    N/A
 Orb of Destruction       Conj           #######...   21%         7    N/A
 Bolt of Magma            Conj/Fire/Erth #####.....   45%         5    N/A
 Deflect Missiles         Chrm/Air       ######....   54%         6    N/A
 Bolt of Fire             Conj/Fire      ######....   67%         6    N/A
 Iron Shot                Conj/Erth      ######....   67%         6    N/A
 Poison Arrow             Conj/Pois      ######....   67%         6    N/A
 Chain Lightning          Conj/Air       ########..   71%         8    N/A
 Simulacrum               Ice/Necr       ######....   80%         6    N/A
 Discord                  Hex            ######....   92%         8    N/A
 Summon Forest            Summ/Tloc      ###.......   95%         5    N/A
 Agony                    Necr           ###.....     99%         5    N/A
 Alistair's Intoxication  Tmut/Pois      ###.....     99%         5    N/A
 Aura of Abjuration       Summ           ###.......   99%         5    N/A
 Blade Hands              Tmut           ###.......   99%         5    N/A
 Borgnjor's Vile Clutch   Necr/Erth      ###.......   99%         5    N/A
 Dispel Undead            Necr           ###.....     99%         5    N/A
 Excruciating Wounds      Chrm/Necr      ###.......   99%         5    N/A
 Lee's Rapid Deconstruct  Erth           ###.......   99%         5    N/A
 Summon Demon             Summ           ###.......   99%         5    N/A
 Spellforged Servitor     Conj/Summ      ######....   99%         7    N/A
 Death Channel            Necr           ###.......   100%        6    N/A
 Dispersal                Tloc           ####......   100%        6    N/A
 Shadow Creatures         Summ           N/A          100%        6    N/A
 Statue Form              Tmut/Erth      ###......    100%        6    N/A
 Dragon Form              Tmut           ###.......   100%        7    N/A
 Haunt                    Necr/Summ      ###.......   100%        7    N/A
 Malign Gateway           Summ/Tloc      ###.......   100%        7    N/A
 Ring of Flames           Chrm/Fire      ###.......   100%        7    N/A
 Summon Greater Demon     Summ           ###.......   100%        7    N/A
 Summon Hydra             Summ           ###.......   100%        7    N/A
 Controlled Blink         Tloc           N/A          100%        8    N/A
 Disjunction              Tloc           ####......   100%        8    N/A
 Ignition                 Fire           ###.......   100%        8    N/A
 Infestation              Necr           ###.......   100%        8    N/A
 Lehudib's Crystal Spear  Conj/Erth      ######....   100%        8    N/A
 Fire Storm               Conj/Fire      ######....   100%        9    N/A
 Glaciate                 Conj/Ice       ######....   100%        9    N/A
 Shatter                  Erth           ###.......   100%        9    N/A
 Tornado                  Air            ########..   100%        9    N/A

Dungeon Overview and Level Annotations

Branches:
Dungeon (15/15)            Temple (0/1) D:6            Lair (6/6) D:11
  Swamp (4/4) Lair:2       Spider (4/4) Lair:4        Slime (5/5) Lair:6
    Orc (2/2) D:10            Elf (3/3) Orc:2        Vaults (4/5) D:13
  Crypt (3/3) Vaults:2       Tomb (0/3) Crypt:3      Depths (5/5) D:15
    Zot (0/5) Depths:5    Ossuary (visited)           IceCv (visited)
Gauntlet (visited)

Altars:
Cheibriados
Dithmenos
Hepliaklqana
Kikubaaqudgha
Makhleb
Nemelex Xobeh
Okawaru
Ru
Sif Muna
Trog
Uskayaw
Wu Jian
Xom
Yredelemnul
Jiyva
Lugonu

Shops:
D:4 *   D:12 (=(}*   Orc:1 :*   Orc:2 [:*([   Elf:1 (   Elf:2 ((?   Vaults:2 }
Vaults:3 *   Vaults:4 (

Portals:
Hell: Depths:1 Depths:2 Depths:3 Depths:4 Depths:5
Abyss: Depths:1 Depths:3 Depths:4
Pandemonium: Depths:3 Depths:4
Ziggurat: Depths:3

Annotations:
Lair:3 1 runed translucent door, Kiuzuanix's ghost, journeyman NaFE
Slime:5 Royal Jelly
Vaults:1 3 runed translucent doors, Lofupn's ghost, adept SpEn


Innate Abilities, Weirdness & Mutations

You do not eat.
You do not regenerate when monsters are visible.
You are frail without blood (-20% HP).
You can heal yourself when you bite living creatures.
You are immune to poison.
You have razor-sharp teeth.
You have supernaturally acute eyesight. (SInv)
You can survive without breathing.
You have sharp fingernails.
You are agile. (Dex +2)
Your body often deteriorates upon taking damage.
You are frail. (-10% HP)
You are highly resistant to hostile enchantments. (MR++)
You are resistant to electric shocks. (rElec)
You evolve.
You expend magic power (3 MP) to strengthen your wands.


Message History

Your body deteriorates!
You feel clumsy.
You are splashed with acid.
You resist.
* * * LOW HITPOINT WARNING * * *
Casting: Airstrike (safe; 1% risk of failure)
Confirm with . or Enter, or press ? or * to list all spells.
You blink.
You are engulfed in raging winds.
The acid blob spits acid at you. The splash of acid hits you. You resist.
* * * LOW HITPOINT WARNING * * *
You are splashed with acid!
You resist.
* * * LOW HITPOINT WARNING * * *
The azure jelly hits you but does no damage.
The azure jelly hits you.
* * * LOW HITPOINT WARNING * * *
The azure jelly freezes you! You resist.
* * * LOW HITPOINT WARNING * * *
The azure jelly completely misses you.
The azure jelly hits you but does no damage.
The death ooze hits you!
You die...

##.....................
#.....................#
##....................
###...................##
#.....................
#......§§§§§.§.§§...#
#.....§§§§§§§§§§§§..##
##.....§§J§§J§§§§§...#
#.....§§@JJ§§§§§§§..#####
##....§§J§JJ§§§§§§.J...#.
#....§§JJJ§§§§§§§...#...
#.....§§§§§§§§§§§...####
###..§§§§§§§§§§§§...#
#...§§§§§§§§§§§...#
#..§§§§§§§§§§§§...##
##.§§§§§§§§§§§§....##
#..§§§§§§§§§§§.....#


You could see the Royal Jelly (inner flame), an acid blob, 3 azure jellies, 2
slime creatures and 3 death oozes.

Vanquished Creatures
  6 caustic shrikes
  A golden dragon (Depths:3)
  A profane servitor (Crypt:3)
  A bone dragon (Depths:5)
  Asterion (Vaults:1)
  3 deep elf blademasters (Elf:3)
  12 acid blobs
  A quicksilver dragon (Depths:2)
  A deep elf master archer (Elf:3)
  4 liches
  A sphinx (Vaults:1)
  7 ancient champions
  5 shadow dragons
  The ghost of Otauntoro the Carver, an adept HuGl of Makhleb (Swamp:3)
  Kirke (Swamp:1)
  A storm dragon (Depths:5)
  6 revenants
  5 tengu reavers
  Donald (Elf:1)
  5 azure jellies
  5 fire giants
  3 frost giants
  A draconian scorcher (Depths:5)
  A draconian knight (Depths:5)
  2 iron dragons
  9 deep elf sorcerers
  2 curse skulls
  11 vault wardens
  7 emperor scorpions
  6 ghost moths
  Aizul (Swamp:3)
  12 deep elf elementalists
  4 ghouls
  10 ironheart preservers
  A spriggan defender (Depths:3)
  13 very ugly things
  17 stone giants
  7 entropy weavers
  A green draconian (Depths:5)
  A vampire knight (Crypt:3)
  4 deep elf demonologists
  2 yellow draconians (Depths:5)
  A minotaur (Gauntlet)
  A black draconian (Depths:5)
  2 white draconians (Depths:5)
  A red draconian (Depths:5)
  9 deep elf annihilators
  2 spark wasps
  Snorg (Lair:6)
  11 deep elf death magi
  2 mummy priests (Crypt:3)
  7 ettins
  3 eidola
  10 fire dragons
  An ettin (shapeshifter) (Depths:3)
  Josephine (D:11)
  3 death oozes (Slime:5)
  A fire dragon (shapeshifter) (Vaults:3)
  7 yaktaur captains
  12 jiangshi
  7 great orbs of eyes
  A hell beast (Depths:4)
  5 deep elf high priests (Elf:3)
  8 vault guards
  Harold (D:9)
  21 hydras
  9 ogre magi
  4 rakshasas
  13 ice dragons
  4 spriggan air magi
  13 two-headed ogres
  2 ghost crabs
  6 death yaks (Lair:6)
  A death knight (Crypt:1)
  7 centaur warriors
  A catoblepas (Lair:3)
  5 deep troll earth magi
  31 dancing weapons
  10 alligators
  3 tengu warriors
  5 deep troll shamans
  2 titan zombies
  A small abomination (Elf:3)
  Urug (Lair:2)
  A shock serpent (shapeshifter) (Depths:2)
  8 hell knights
  2 orc high priests (Orc:2)
  7 vampire magi
  11 spriggan berserkers
  4 soul eaters
  2 titan skeletons
  21 deep elf knights
  Sonja (Lair:1)
  4 shadow wraiths (Crypt:3)
  4 unseen horrors
  21 deep trolls
  A golden dragon zombie (Depths:2)
  A spriggan druid (Swamp:3)
  9 skeletal warriors
  9 flayed ghosts
  4 glowing orange brains
  A torturous demonspawn (Depths:4)
  5 wizards
  An iron troll (Depths:4)
  3 swamp dragons
  2 tengu zombies
  A glowing orange brain (shapeshifter) (Depths:2)
  4 phantasmal warriors
  8 deep elf archers
  An iron dragon zombie (Crypt:1)
  13 ironbrand convokers
  3 harpies (shapeshifter) (Depths:2)
  8 orc knights
  14 orb spiders
  2 orb spiders (shapeshifter)
  10 necromancers
  4 shining eyes
  55 deep elf magi
  35 wolf spiders
  A stone giant zombie (Crypt:1)
  45 ugly things
  5 harpies
  3 frost giant zombies
  10 orc sorcerers
  3 manticores
  A sphinx skeleton (Crypt:2)
  A wolf spider zombie (D:14)
  A salamander (shapeshifter) (Depths:2)
  5 cyclopes
  122 slime creatures
  5 elephants (Lair:4)
  A water nymph (shapeshifter) (Depths:2)
  A dire elephant zombie (Crypt:1)
  A fire giant skeleton (Depths:2)
  A guardian serpent (Depths:1)
  A stone giant skeleton (Crypt:3)
  14 vault sentinels
  A moth of wrath (D:5)
  4 frost giant skeletons
  An ice statue (IceCv)
  4 black mambas
  An eye of devastation (shapeshifter) (Depths:2)
  20 spiny frogs
  2 gargoyles
  3 centaur skeletons
  2 storm dragon simulacra
  A torpor snail (Spider:2)
  An eye of devastation (Slime:4)
  2 rime drakes
  A spiny frog (shapeshifter) (Depths:2)
  4 orange demons (Elf:3)
  2 komodo dragons (shapeshifter)
  3 human zombies
  4 kobold demonologists
  A rime drake (shapeshifter) (Elf:2)
  4 komodo dragons
  72 yaktaurs
  A tormentor (Depths:4)
  A yaktaur (shapeshifter) (Depths:2)
  An efreet (D:15)
  27 freezing wraiths
  12 demonic crawlers
  7 guardian mummies (Crypt:3)
  28 jumping spiders
  2 golden dragon simulacra (Crypt:3)
  A meliai (shapeshifter) (Depths:2)
  A troll (shapeshifter) (Depths:3)
  3 meliai (Spider:4)
  A polar bear (Lair:5)
  4 ice devils
  A queen bee (D:8)
  A sea snake skeleton (Crypt:1)
  4 tengu conjurers
  A harpy zombie (Crypt:1)
  2 wolf spider simulacra
  A moth of wrath zombie (Crypt:1)
  7 tyrant leeches
  A polar bear (shapeshifter) (Depths:2)
  4 trolls
  A hornet (shapeshifter) (Depths:2)
  A harpy skeleton (Crypt:1)
  13 hornets
  3 blink frogs (shapeshifter)
  14 bog bodies
  A hippogriff (shapeshifter) (Elf:1)
  14 hippogriffs
  A dream sheep (shapeshifter) (Depths:2)
  25 blink frogs
  A fire dragon zombie (Crypt:1)
  4 human simulacra
  7 flying skulls
  5 air elementals
  59 redbacks
  24 tarantellas
  A fire giant simulacrum (Depths:2)
  25 yaks
  2 spriggan skeletons (Depths:2)
  13 wraiths
  2 tarantellas (shapeshifter)
  5 wyverns
  A satyr skeleton (Crypt:2)
  8 spriggans
  2 ettin skeletons (Crypt:1)
  A ynoxinul (Depths:4)
  An ushabti (Crypt:3)
  A human (Swamp:1)
  A yak (shapeshifter) (D:15)
  A hungry ghost (D:8)
  3 basilisks
  14 water elementals
  3 golden eyes (Slime:5)
  4 fire elementals (Elf:1)
  A human (shapeshifter) (D:10)
  A neqoxec (Depths:4)
  A warg (Orc:2)
  A steam dragon (D:15)
  A death yak simulacrum (IceCv)
  27 vampire mosquitoes
  An ogre zombie (Vaults:1)
  14 swamp worms
  A soldier ant (D:8)
  5 insubstantial wisps (Swamp:1)
  A spiny frog zombie (Crypt:1)
  14 water moccasins
  2 acid dragons
  A floating eye (Depths:2)
  A hell hound (Depths:4)
  10 porcupines
  25 orc warriors
  An alligator simulacrum (IceCv)
  3 black bears
  10 ice beasts
  A sky beast (shapeshifter) (Depths:2)
  A swamp dragon zombie (Crypt:2)
  A hornet zombie (D:12)
  8 swamp drakes
  3 sky beasts
  30 ogres
  An orc zombie (Vaults:1)
  7 eyes of draining
  A wolf (shapeshifter) (Gauntlet)
  A wolf (Vaults:1)
  5 necrophages
  15 crocodiles
  13 centaurs
  3 big kobolds
  An octopode zombie (Crypt:3)
  17 bullfrogs
  2 elf zombies (Crypt:1)
  A draconian zombie (Crypt:2)
  A water moccasin zombie (D:10)
  A komodo dragon skeleton (Crypt:3)
  3 earth elementals
  8 scorpions
  A spriggan zombie (Crypt:3)
  32 killer bees
  A troll skeleton (Crypt:3)
  14 wights
  An electric eel (Spider:4)
  9 howler monkeys
  A bullfrog zombie (D:11)
  4 crimson imps
  A wolf skeleton (Crypt:3)
  6 hounds
  3 draconian simulacra (IceCv)
  4 centaur zombies
  A hound (shapeshifter) (Vaults:2)
  21 orc priests
  4 jellies
  Crazy Yiuf (D:6)
  Jessica (D:2)
  7 iguanas
  5 bullfrog skeletons
  22 orc wizards
  10 worker ants
  2 spriggan simulacra (IceCv)
  6 troll simulacra (IceCv)
  A killer bee zombie (D:9)
  A wolf simulacrum (IceCv)
  A big kobold zombie (Ossuary)
  3 centaur simulacra (IceCv)
  A deep dwarf skeleton (Crypt:2)
  A naga skeleton (Crypt:3)
  2 felid skeletons (Crypt:3)
  2 hound zombies
  3 hound skeletons
  8 mummies
  2 howler monkey zombies
  Robin (D:3)
  A howler monkey skeleton (D:8)
  15 adders
  4 naga simulacra (IceCv)
  2 ogre simulacra (IceCv)
  2 shadow imps
  A steam dragon skeleton (Crypt:2)
  12 white imps (IceCv)
  An ufetubus (Vaults:1)
  An ooze (D:4)
  7 adder zombies
  An adder skeleton (D:5)
  A halfling skeleton (Crypt:1)
  5 worms (D:5)
  3 dart slugs
  6 leopard geckos
  82 orcs
  8 bats
  6 giant cockroaches
  14 goblins
  6 hobgoblins
  15 jackals
  21 kobolds
  5 quokkas
  A ball python (D:5)
  A dart slug zombie (Crypt:1)
  4 frilled lizards (D:2)
  A gnoll zombie (Ossuary)
  A goblin skeleton (Crypt:3)
  3 goblin zombies (Ossuary)
  3 hobgoblin zombies (Ossuary)
  2 kobold zombies (Ossuary)
  A leopard gecko skeleton (D:4)
  3 leopard gecko zombies
  An orc skeleton (Crypt:2)
  2 quokka zombies (Ossuary)
  29 rats
  A rat zombie (Ossuary)
  4 crawling corpses (Elf:3)
  4 fungi
2134 creatures vanquished.

Vanquished Creatures (collateral kills)
  Sojobo (Vaults:4)
  Bai Suzhen (Spider:3)
  A profane servitor (Crypt:3)
  An acid blob (Slime:5)
  An ancient champion (Crypt:3)
  A tengu reaver (Vaults:4)
  Agnes (Spider:4)
  4 vault wardens
  An orc warlord (Orc:2)
  A deep elf sorcerer (Elf:2)
  5 ironheart preservers
  2 very ugly things
  A vampire knight (Crypt:3)
  A deep elf annihilator (Vaults:4)
  6 ettins
  A yaktaur captain (Depths:3)
  A mummy priest (Crypt:3)
  2 ogre magi
  A vault guard (Vaults:4)
  7 hydras (Swamp:4)
  A shambling mangrove (Swamp:4)
  5 two-headed ogres
  A death knight (Crypt:3)
  An orc high priest (Orc:2)
  A deep elf knight (Elf:2)
  A hell knight (Depths:4)
  5 swamp dragons (Swamp:4)
  An orange crystal statue (Depths:3)
  A spriggan druid (Swamp:4)
  5 orc knights
  5 deep elf magi
  An ironbrand convoker (Vaults:4)
  An orc sorcerer (Vaults:1)
  An ugly thing (Depths:2)
  A vault sentinel (Vaults:4)
  10 spiny frogs (Lair:6)
  3 yaktaurs
  A demonic crawler (Spider:4)
  A hornet (Vaults:4)
  A troll (Orc:2)
  5 blink frogs (Lair:6)
  2 redbacks
  A spriggan (shapeshifter) (Depths:2)
  A human (shapeshifter) (Depths:3)
  An ushabti (Crypt:3)
  2 vampire mosquitoes (Lair:6)
  3 wargs
  17 orc warriors
  7 swamp drakes (Swamp:4)
  2 ice beasts (D:15)
  16 ogres
  A boggart (Depths:3)
  3 bullfrogs (Lair:6)
  A scorpion (D:7)
  A wight (D:8)
  An electric eel (Lair:6)
  A hound (D:7)
  A mummy (Crypt:3)
  6 orcs
159 creatures vanquished.

Vanquished Creatures (others)
  4 eldritch tentacles
  A fire giant (Depths:3)
  2 very ugly things (Depths:3)
  A stone giant (Depths:3)
  A hydra (Swamp:4)
  A shadow wraith (Crypt:3)
  A deep elf mage (Elf:2)
  2 ugly things (Depths:3)
  10 ball lightnings
  A blink frog (Lair:6)
  9 dancing weapons
  A water elemental (Elf:1)
  2 humans (Swamp:1)
  A swamp drake (Swamp:4)
  An orc wizard (Orc:2)
  2 orcs (Orc:2)
  A bush (Lair:6)
  2 fire vortices (Elf:3)
  14 fungi
  40 plants
  5 toadstools (D:12)
102 creatures vanquished.

Grand Total: 2395 creatures vanquished

Notes
Turn   | Place    | Note
-------+----------+-------------------------------------------
     0 | D:1      | MrRokkomies the Vampire Enchanter began the quest for the
                  | Orb.
     0 | D:1      | Reached XP level 1. HP: 13/13 MP: 3/3
   372 | D:1      | Reached XP level 2. HP: 19/19 MP: 5/5
   376 | D:1      | Learned a level 2 spell: Ensorcelled Hibernation
   986 | D:2      | Noticed Jessica
   990 | D:2      | Killed Jessica
   990 | D:2      | Reached skill level 5 in Stealth
   990 | D:2      | Reached skill level 5 in Hexes
   990 | D:2      | Reached XP level 3. HP: 24/24 MP: 1/6
  1244 | D:2      | Reached XP level 4. HP: 30/30 MP: 7/7
  1758 | D:3      | Learned a level 3 spell: Confuse
  2044 | D:3      | Reached XP level 5. HP: 35/35 MP: 8/8
  2330 | D:3      | Noticed Robin
  2342 | D:3      | Killed Robin
  2663 | D:3      | Found an iron altar of Okawaru.
  2712 | D:4      | Reached XP level 6. HP: 41/41 MP: 9/9
  2907 | D:4      | Learned a level 3 spell: Tukima's Dance
  2913 | D:4      | Found Baime's Elemental Accessories.
  3041 | D:4      | Reached skill level 5 in Short Blades
  3059 | D:4      | Found a shimmering blue altar of Sif Muna.
  3068 | D:4      | Became a worshipper of Sif Muna the Loreminder
  3409 | D:5      | Entered Level 5 of the Dungeon
  3429 | D:5      | Reached XP level 7. HP: 34/44 MP: 10/10
  3458 | D:5      | Found a sacrificial altar of Ru.
  3501 | D:5      | Reached skill level 1 in Invocations
  3742 | D:5      | Reached XP level 8. HP: 50/50 MP: 3/11
  3996 | D:5      | Reached * piety under Sif Muna
  4200 | D:5      | Noticed a hippogriff
  4207 | D:5      | Killed a hippogriff
  4264 | D:5      | Noticed a moth of wrath
  4267 | D:5      | Reached skill level 10 in Hexes
  4272 | D:5      | Found a bloodstained altar of Trog.
  4282 | D:5      | Killed a moth of wrath
  4632 | D:6      | Found a staircase to the Ecumenical Temple.
  4676 | D:6      | Gained mutation: You are resistant to electric shocks.
                  | (rElec) [potion of mutation]
  4676 | D:6      | Gained mutation: You evolve. [potion of mutation]
  4681 | D:6      | Reached XP level 9. HP: 7/55 MP: 12/12
  4745 | D:6      | Gained mutation: Your spells are a little easier to cast,
                  | but a little less powerful. [evolution]
  4907 | D:6      | Reached ** piety under Sif Muna
  5096 | D:6      | Found a runed translucent door.
  5097 | D:6      | Noticed Crazy Yiuf
  5564 | D:6      | Killed Crazy Yiuf
  5668 | D:7      | Found a sand-covered staircase.
  5677 | Ossuary  | Entered an ossuary
  6534 | D:7      | Found a hazy altar of Hepliaklqana.
  6535 | D:7      | Found a hide-covered altar of Uskayaw.
  6535 | D:7      | Found an ornate altar of the Wu Jian Council.
  6535 | D:7      | Found a snail-covered altar of Cheibriados.
  6539 | D:7      | Found a shadowy altar of Dithmenos.
  6540 | D:7      | Found a shimmering altar of Xom.
  6561 | D:7      | You fall into a shaft and drop 1 floor!
  6610 | D:8      | Reached *** piety under Sif Muna
  6989 | D:7      | Identified a scroll of acquirement
  7148 | D:8      | Found a burning altar of Makhleb.
  7183 | D:8      | Reached XP level 10. HP: 61/61 MP: 13/13
  7423 | D:8      | Noticed a cyan ugly thing
  7427 | D:8      | Reached skill level 1 in Fighting
  7427 | D:8      | Reached skill level 10 in Short Blades
  7641 | D:8      | Reached skill level 5 in Invocations
  7837 | D:8      | Killed a cyan ugly thing
  7958 | D:8      | Noticed a deep elf mage
  8002 | D:8      | Killed a deep elf mage
  8184 | D:8      | Reached **** piety under Sif Muna
  8959 | D:9      | Found an ancient bone altar of Kikubaaqudgha.
  9065 | D:9      | Reached XP level 11. HP: 61/78 MP: 15/15
  9096 | D:9      | Reached skill level 5 in Fighting
  9116 | D:9      | Identified Wiawam's Guide on Enchantment
  9321 | D:9      | Reached ***** piety under Sif Muna
  9351 | D:9      | Reached skill level 15 in Hexes
  9363 | D:9      | Noticed Harold
  9374 | D:9      | Killed Harold
  9380 | D:9      | Gained mutation: You have large cloven feet. [evolution]
  9401 | D:9      | Identified Hyssie's Collected Works on Ensnaring Companions
                  | (Sif Muna gifted it to you on level 9 of the Dungeon)
  9401 | D:9      | Received a gift from Sif Muna
  9410 | D:9      | Learned a level 6 spell: Invisibility
  9858 | D:10     | Entered Level 10 of the Dungeon
 10076 | D:10     | Found a sparkling altar of Nemelex Xobeh.
 10127 | D:10     | Found a staircase to the Orcish Mines.
 10148 | D:10     | Noticed a two-headed ogre
 10154 | D:10     | Killed a two-headed ogre
 10207 | D:10     | Noticed a two-headed ogre
 10228 | D:10     | Killed a two-headed ogre
 10682 | D:10     | Noticed a wolf spider
 10682 | D:10     | Noticed a cyan ugly thing
 10685 | D:10     | Killed a wolf spider
 10687 | D:10     | Killed a cyan ugly thing
 10733 | D:10     | Got a scintillating lapis lazuli ring
 10735 | D:10     | Identified the ring "Ceqoe" {rN+ Int+5} (You found it on
                  | level 10 of the Dungeon)
 10769 | D:10     | Noticed a four-headed hydra
 10777 | D:10     | Killed a four-headed hydra
 10905 | D:11     | Found a staircase to the Lair.
 11253 | D:11     | Reached XP level 12. HP: 68/95 MP: 18/18
 11500 | D:11     | Gained mutation: You are agile. (Dex +2) [evolution]
 11699 | D:11     | Identified Sif Muna's Collected Works on Bewitchment and
                  | Flames (Sif Muna gifted it to you on level 11 of the
                  | Dungeon)
 11699 | D:11     | Received a gift from Sif Muna
 11766 | D:11     | Noticed Josephine
 11780 | D:11     | Killed Josephine
 12081 | D:11     | Found a portal to a secret trove of treasure.
 12483 | Lair:1   | Entered Level 1 of the Lair of Beasts
 12672 | Lair:1   | Learned a level 1 spell: Summon Butterflies
 12834 | Lair:1   | Noticed Sonja
 12837 | Lair:1   | Reached skill level 5 in Dodging
 12844 | Lair:1   | Killed Sonja
 13086 | Lair:1   | Reached skill level 10 in Fighting
 13568 | Lair:1   | Gained mutation: You passively map a small area around you.
                  | [evolution]
 13693 | Lair:2   | Found a staircase to the Swamp.
 13752 | Lair:2   | Noticed an eight-headed hydra
 14077 | Lair:2   | Noticed a seven-headed hydra
 14081 | Lair:2   | Killed a seven-headed hydra
 14082 | Lair:2   | Noticed Urug
 14110 | Lair:2   | Killed Urug
 14139 | Lair:2   | Killed an eight-headed hydra
 14305 | Lair:2   | Noticed a seven-headed hydra
 14324 | Lair:2   | Killed a seven-headed hydra
 14324 | Lair:2   | Reached skill level 5 in Spellcasting
 14324 | Lair:2   | Reached XP level 13. HP: 72/103 MP: 20/20
 14330 | Lair:2   | Learned a level 4 spell: Cause Fear
 14750 | Lair:3   | Found a runed translucent door.
 14753 | Lair:3   | Noticed Kiuzuanix's ghost (journeyman NaFE)
 14805 | Lair:3   | Identified Lenet's Grimoire of Bewitchment (Sif Muna gifted
                  | it to you on level 3 of the Lair of Beasts)
 14805 | Lair:3   | Received a gift from Sif Muna
 14904 | Lair:3   | Learned a level 4 spell: Airstrike
 15525 | Lair:4   | Learned a level 2 spell: Swiftness
 15696 | Lair:4   | Lost mutation: Your spells are a little easier to cast, but
                  | a little less powerful. [evolution]
 16007 | Lair:4   | Found a hole to the Spider Nest.
 17326 | Lair:6   | Entered Level 6 of the Lair of Beasts
 17377 | Lair:6   | Reached skill level 10 in Dodging
 17546 | Lair:6   | Noticed Snorg
 17555 | Lair:6   | Killed Snorg
 17555 | Lair:6   | Reached skill level 1 in Air Magic
 17592 | Lair:6   | Reached skill level 10 in Invocations
 17727 | Lair:6   | Reached XP level 14. HP: 88/110 MP: 26/26
 18090 | Lair:6   | Gained mutation: You are resistant to hostile enchantments.
                  | (MR+) [evolution]
 18120 | Lair:6   | Found a staircase to the Slime Pits.
 18403 | Lair:6   | Reached skill level 5 in Air Magic
 19455 | Orc:1    | Entered Level 1 of the Orcish Mines
 19472 | Orc:1    | Identified Sif Muna's Handbook of Excruciating Calling (Sif
                  | Muna gifted it to you on level 1 of the Orcish Mines)
 19472 | Orc:1    | Received a gift from Sif Muna
 19636 | Orc:1    | Learned a level 5 spell: Lightning Bolt
 20133 | Orc:1    | Found Zocess's Book Shop.
 20221 | Orc:1    | Found Fecs's General Store.
 20326 | Orc:2    | Entered Level 2 of the Orcish Mines
 20340 | Orc:2    | Reached skill level 1 in Conjurations
 20636 | Orc:2    | Found Sofudoca's Antique Weapon Shoppe.
 20641 | Orc:2    | Found a gate leading to a gauntlet.
 20659 | Orc:2    | Reached skill level 10 in Spellcasting
 20662 | Gauntlet | Entered a Gauntlet
 20662 | Gauntlet | Found a large runed translucent door.
 20662 | Gauntlet | Found a large runed translucent door.
 20662 | Gauntlet | Found a large runed translucent door.
 20662 | Gauntlet | Found a large runed translucent door.
 20662 | Gauntlet | Found a runed translucent door.
 20662 | Gauntlet | Found a large runed translucent door.
 20662 | Gauntlet | Found a large runed translucent door.
 20662 | Gauntlet | Found a transporter.
 20662 | Gauntlet | Found a transporter.
 20662 | Gauntlet | Found a large runed translucent door.
 20662 | Gauntlet | Found a large runed translucent door.
 20662 | Gauntlet | Found a runed translucent gate.
 20662 | Gauntlet | Found a runed translucent gate.
 20662 | Gauntlet | Found a transporter.
 20670 | Gauntlet | Found a runed translucent door.
 20670 | Gauntlet | Found a runed translucent gate.
 20678 | Gauntlet | Found a transporter.
 20686 | Gauntlet | Found a transporter.
 20688 | Gauntlet | Found a transporter.
 20696 | Gauntlet | Found a transporter.
 20708 | Gauntlet | Found the +10 Black Knight's horse barding {ponderous,
                  | rPois rN+}
 20724 | Gauntlet | Found a transporter.
 20726 | Gauntlet | Found a large runed translucent door.
 20727 | Gauntlet | Found a large runed translucent door.
 20728 | Gauntlet | Found a large runed translucent door.
 20729 | Gauntlet | Found a large runed translucent door.
 20735 | Gauntlet | Found a transporter.
 20768 | Gauntlet | Found a transporter.
 20782 | Gauntlet | Found a transporter.
 20807 | Gauntlet | Found a transporter.
 20848 | Gauntlet | Found a large runed translucent door.
 20848 | Gauntlet | Found a large runed translucent door.
 20849 | Gauntlet | Found a large runed translucent door.
 20850 | Gauntlet | Found a large runed translucent door.
 20944 | Gauntlet | Got a bound ruby amulet
 20957 | Gauntlet | Identified the amulet "Ofin" {Faith +Blink rElec rF- SInv}
                  | (You found it in a Gauntlet)
 21045 | Gauntlet | Identified the cursed +3 short sword of Articulation
                  | {flame, *Corrode Str+6 Dex+4 Stlth+}
 21068 | Gauntlet | Identified the Handbook of Helpful Conjuration
 21198 | Orc:2    | Found Xuwunair's General Store.
 21395 | Orc:2    | Found a burning altar of Makhleb.
 21397 | Orc:2    | Found Coadicogho's Antique Armour Boutique.
 21438 | Orc:2    | Found a staircase to the Elven Halls.
 21486 | Orc:2    | Noticed an orc warlord
 21519 | Orc:2    | Killed an orc warlord
 21665 | Orc:2    | Found Suse's Book Emporium.
 21948 | Orc:2    | Found Guthrorie's Antique Armour Shop.
 21956 | Orc:2    | Bought a pair of twisted gloves for 180 gold pieces
 21956 | Orc:2    | Bought faintly humming swamp dragon scales for 1045 gold
                  | pieces
 21967 | Orc:2    | Identified the +1 pair of gloves "Jikkeim" {+Inv rPois
                  | Int-4} (You bought it in a shop on level 2 of the Orcish
                  | Mines)
 21979 | Orc:2    | Identified the +2 swamp dragon scales of Honinad {+Inv
                  | rPois rN+ Regen+} (You bought it in a shop on level 2 of
                  | the Orcish Mines)
 22192 | Orc:2    | Bought a glowing helmet for 142 gold pieces
 22234 | Orc:2    | Bought a potion of heal wounds for 60 gold pieces
 22277 | Orc:1    | Bought a wand of clouds (2) for 198 gold pieces
 22277 | Orc:1    | Bought a potion of curing for 33 gold pieces
 22410 | D:4      | Bought an uncursed staff of air for 300 gold pieces
 22410 | D:4      | Bought a phial of floods for 480 gold pieces
 22566 | D:12     | Found a frozen archway.
 22593 | IceCv    | Entered an ice cave
 23051 | IceCv    | Received a gift from Sif Muna
 23144 | IceCv    | Reached skill level 1 in Evocations
 23237 | IceCv    | Found an ancient bone altar of Kikubaaqudgha.
 23942 | IceCv    | Reached XP level 15. HP: 106/115 MP: 29/29
 23953 | IceCv    | Reached skill level 10 in Stealth
 24446 | D:12     | Found Icehoine's Antique Weapon Boutique.
 24519 | D:12     | Found Rakh's Jewellery Boutique.
 24713 | D:12     | Found Jowor's Gadget Boutique.
 24767 | D:12     | Found Lojyma's Assorted Antiques.
 24817 | D:12     | Bought a potion of curing for 75 gold pieces
 24817 | D:12     | Bought a leatherbound book for 375 gold pieces
 24817 | D:12     | Bought a potion of heal wounds for 125 gold pieces
 24909 | D:12     | Found Cadohi's Antique Weapon Emporium.
 25286 | D:13     | Found a gate to the Vaults.
 26310 | D:14     | Reached skill level 5 in Conjurations
 26421 | D:15     | Entered Level 15 of the Dungeon
 26575 | D:15     | Identified Sif Muna's Incunabulum of the Glacier and
                  | Changing (Sif Muna gifted it to you on level 15 of the
                  | Dungeon)
 26575 | D:15     | Received a gift from Sif Muna
 27272 | D:15     | Found a staircase to the Depths.
 27297 | D:15     | Reached skill level 1 in Armour
 28176 | Swamp:1  | Entered Level 1 of the Swamp
 28259 | Swamp:1  | Reached skill level 10 in Air Magic
 28313 | Swamp:1  | Noticed Kirke
 28324 | Swamp:1  | Killed Kirke
 29570 | Swamp:2  | Received a gift from Sif Muna
 29791 | Swamp:2  | Reached XP level 16. HP: 105/122 MP: 30/30
 30383 | Swamp:3  | Found a runed translucent door.
 30384 | Swamp:3  | Noticed Otauntoro's ghost (adept HuGl)
 30454 | Swamp:3  | Reached skill level 5 in Evocations
 30677 | Swamp:3  | Reached skill level 5 in Armour
 30769 | Swamp:3  | Killed Otauntoro's ghost
 30868 | Swamp:3  | Noticed Aizul
 30892 | Swamp:3  | Killed Aizul
 31581 | Swamp:3  | Lost mutation: You have large cloven feet. [evolution]
 31859 | Swamp:4  | Entered Level 4 of the Swamp
 32170 | Swamp:4  | Got a decaying rune of Zot
 32979 | Spider:1 | Entered Level 1 of the Spider Nest
 33679 | Spider:1 | Identified Sif Muna's Disquisition on Arcane Weapons (Sif
                  | Muna gifted it to you on level 1 of the Spider Nest)
 33679 | Spider:1 | Received a gift from Sif Muna
 33914 | Spider:2 | Found the amulet of Vitality {Regen+ HP+15}
 34323 | Spider:2 | Gained mutation: Your muscles are strong. (Str +2)
                  | [evolution]
 34359 | Spider:2 | Reached XP level 17. HP: 111/128 MP: 31/31
 34456 | Spider:2 | Identified the Catalogue of Flames and Attacks
 34568 | Spider:2 | Learned a level 6 spell: Freezing Cloud
 34861 | Spider:3 | Noticed Bai Suzhen
 34870 | Spider:3 | Killed Bai Suzhen
 35993 | Spider:4 | Entered Level 4 of the Spider Nest
 35993 | Spider:4 | Noticed Agnes
 36007 | Spider:4 | Killed Agnes
 36869 | Spider:4 | Identified Sif Muna's Almanac of Sinister Fire (Sif Muna
                  | gifted it to you on level 4 of the Spider Nest)
 36869 | Spider:4 | Received a gift from Sif Muna
 36990 | Spider:4 | Reached skill level 10 in Conjurations
 37730 | Spider:4 | Got a gossamer rune of Zot
 38211 | Vaults:1 | Entered Level 1 of the Vaults
 38511 | Vaults:1 | Identified Sif Muna's Tome of the Voyage and the Volcanoes
                  | (Sif Muna gifted it to you on level 1 of the Vaults)
 38511 | Vaults:1 | Received a gift from Sif Muna
 38718 | Vaults:1 | Reached XP level 18. HP: 140/140 MP: 32/32
 39401 | Vaults:1 | Identified the amulet "Vonon" {RegenMP rN++}
 39602 | Vaults:1 | Found a runed translucent gate.
 39604 | Vaults:1 | Found a runed translucent gate.
 39605 | Vaults:1 | Found a runed translucent gate.
 39606 | Vaults:1 | Noticed Lofupn's ghost (adept SpEn)
 40057 | Vaults:1 | Noticed Asterion
 41708 | Vaults:2 | Gained mutation: You are robust. (+10% HP) [evolution]
 42248 | Vaults:2 | Got a coiled bone ring
 42250 | Vaults:2 | Identified the cursed ring of Biuhaz {AC-2 Dex+4} (You
                  | found it on level 2 of the Vaults)
 42618 | Vaults:2 | Found Anaviemi's Gadget Emporium.
 42853 | Vaults:2 | Found a staircase to the Crypt.
 43622 | Vaults:3 | Identified Doralaur's Papyrus of Weightlessness and Flames
                  | (Sif Muna gifted it to you on level 3 of the Vaults)
 43622 | Vaults:3 | Received a gift from Sif Muna
 43659 | Vaults:3 | Reached XP level 19. HP: 161/166 MP: 33/33
 45012 | Vaults:3 | Found Dehokin's General Store.
 45250 | Vaults:3 | Identified Rigoat's Volume of Attacks (Sif Muna gifted it
                  | to you on level 3 of the Vaults)
 45250 | Vaults:3 | Received a gift from Sif Muna
 46129 | Vaults:3 | Found a hide-covered altar of Uskayaw.
 46222 | Vaults:3 | Reached skill level 15 in Dodging
 46464 | Vaults:2 | Reached skill level 15 in Stealth
 46726 | Vaults:1 | Killed Asterion
 46866 | Vaults:3 | Reached skill level 1 in Ice Magic
 46963 | Vaults:4 | Found Teufaohe's Weapon Emporium.
 47369 | D:12     | Bought a scroll of enchant weapon for 187 gold pieces
 47369 | D:12     | Bought a scroll of acquirement for 1300 gold pieces
 47370 | D:12     | Found the +2 pair of boots of the Assassin {Detection Stab+
                  | Stlth++}
 48300 | Vaults:4 | Identified Sif Muna's Disquisition on Moulding and Calling
                  | (Sif Muna gifted it to you on level 4 of the Vaults)
 48300 | Vaults:4 | Received a gift from Sif Muna
 48311 | Vaults:4 | Reached skill level 15 in Fighting
 48873 | Vaults:4 | Reached skill level 5 in Ice Magic
 48890 | Vaults:4 | Reached XP level 20. HP: 103/178 MP: 2/35
 49027 | Vaults:4 | Learned a level 1 spell: Confusing Touch
 49745 | Vaults:4 | Noticed Sojobo
 49771 | Vaults:4 | Killed Sojobo
 50053 | Crypt:1  | Entered Level 1 of the Crypt
 50693 | Crypt:1  | Reached skill level 10 in Ice Magic
 51003 | Crypt:1  | Identified Sif Muna's Handbook of Cold and Air (Sif Muna
                  | gifted it to you on level 1 of the Crypt)
 51003 | Crypt:1  | Received a gift from Sif Muna
 51160 | Crypt:1  | Found a basalt altar of Yredelemnul.
 52018 | Crypt:3  | Entered Level 3 of the Crypt
 52522 | Crypt:3  | Learned a level 6 spell: Conjure Ball Lightning
 52947 | Crypt:3  | Identified Sif Muna's Catalogue of Harmful Snow (Sif Muna
                  | gifted it to you on level 3 of the Crypt)
 52947 | Crypt:3  | Received a gift from Sif Muna
 53140 | Crypt:3  | Found a staircase to the Tomb.
 53974 | Crypt:3  | Identified the ring of Nihilism {*Contam rElec rN+ Dex+7}
 54143 | Crypt:3  | Noticed a profane servitor
 54144 | Crypt:3  | Found a basalt altar of Yredelemnul.
 54147 | Crypt:3  | Found an ancient bone altar of Kikubaaqudgha.
 54147 | Crypt:3  | Identified the ring "Lustrousm" {rPois rF+ rN+ Str+4
                  | Stlth+}
 54149 | Crypt:3  | Noticed a profane servitor
 54193 | Crypt:3  | Killed a profane servitor
 54193 | Crypt:3  | Reached XP level 21. HP: 99/151 MP: 38/38
 54321 | Crypt:3  | Killed a profane servitor
 54331 | Crypt:3  | Got a slimy turquoise ring
 54334 | Crypt:3  | Identified the ring of Vonlem {Ice Int+4} (You found it on
                  | level 3 of the Crypt)
 55083 | Crypt:3  | Identified the Guide on Ice
 55419 | Elf:1    | Entered Level 1 of the Elven Halls
 55510 | Elf:1    | Noticed Donald
 55516 | Elf:1    | Found Siunuruo's Weapon Boutique.
 55541 | Elf:1    | Killed Donald
 55630 | Elf:1    | Found a flickering gateway to a bazaar.
 55637 | Bazaar   | Entered a bazaar
 55637 | Bazaar   | Found Geocwaf's Weapon Shoppe.
 55637 | Bazaar   | Found Umeapit's Food Shoppe.
 55638 | Bazaar   | Found Faothia's Antique Armour Shoppe.
 55672 | Bazaar   | Found Aclise's Book Emporium.
 55673 | Bazaar   | Found Oroph's Jewellery Shop.
 55676 | Bazaar   | Bought an uncursed ring of protection from cold for 325
                  | gold pieces
 55924 | Elf:1    | Received a gift from Sif Muna
 56091 | Elf:1    | Identified the cursed +0 ring mail of Zomeh {+Fly rF+ rN+}
                  | (You found it on level 1 of the Elven Halls)
 56492 | Elf:2    | Found Xasathrey's Weapon Boutique.
 56525 | Elf:2    | Found Turchu Weaps's Antique Weapon Emporium.
 56741 | Elf:2    | Found a runed translucent gate.
 56741 | Elf:2    | Found a runed translucent gate.
 56742 | Elf:2    | Found a runed translucent gate.
 56860 | Elf:2    | Found Puphunkicush's Magic Scroll Shoppe.
 56940 | Elf:2    | Bought a scroll of enchant armour for 97 gold pieces
 57766 | Elf:3    | Entered Level 3 of the Elven Halls
 57766 | Elf:3    | Found an ancient bone altar of Kikubaaqudgha.
 58465 | Elf:3    | Identified the cursed +2 halberd "Cyorrir" {chop, Str+6
                  | SInv}
 58941 | Elf:3    | Identified the cursed +1 robe of Joy {rN+}
 58942 | Elf:3    | Identified the +0 large shield of Fickameil {rElec Int-3
                  | Dex+3}
 58948 | Elf:3    | Reached XP level 22. HP: 151/192 MP: 29/39
 59257 | Elf:3    | Identified the ring "Daz Qece" {Wiz Stlth+}
 59762 | Elf:3    | Identified the Papyrus of Protection and the Snowflakes
 60240 | Depths:1 | Entered Level 1 of the Depths
 60275 | Depths:1 | Found a gateway to Hell.
 60350 | Depths:1 | Received a gift from Sif Muna
 60889 | Depths:1 | Found a one-way gate to the infinite horrors of the Abyss.
 61803 | Depths:2 | Identified the amulet of Gyig {MR+ Regen+ Stlth+} (You
                  | found it on level 2 of the Depths)
 61975 | Depths:2 | Paralysed by a floating eye for 3 turns
 62086 | Depths:2 | Received a gift from Sif Muna
 62895 | Depths:2 | Reached skill level 15 in Air Magic
 63299 | Orc:1    | Bought a book of Spatial Translocations for 780 gold pieces
 63302 | Orc:1    | Learned a level 2 spell: Blink
 63351 | Orc:2    | Bought a book of Fire for 975 gold pieces
 63965 | Depths:3 | Reached XP level 23. HP: 201/201 MP: 23/40
 64043 | Depths:3 | Received a gift from Sif Muna
 64072 | Depths:3 | Found a one-way gate leading to the halls of Pandemonium.
 64962 | Depths:3 | Found a gateway to a ziggurat.
 65085 | Depths:3 | Found a runed translucent door.
 65481 | Depths:3 | Identified the Almanac of Ashen Necromancy
 65819 | Depths:3 | Found a runed translucent door.
 65823 | Depths:3 | Noticed a caustic shrike
 65840 | Depths:3 | Killed a caustic shrike
 66205 | D:11     | You paid a toll of a +4 demon blade to enter a treasure
                  | trove
 66206 | Trove    | Entered a treasure trove
 66216 | Trove    | Found the +8 longbow "Zephyr" {speed, Dex+3 SInv}
 66228 | Trove    | Found the +3 Elemental Staff {rElec rF++ rC++ MR++ AC+5}
 67171 | Depths:4 | Received a gift from Sif Muna
 67561 | Depths:4 | Reached skill level 1 in Shields
 67922 | Depths:4 | Found a corrupted altar of Lugonu.
 68312 | Depths:5 | Entered Level 5 of the Depths
 68584 | Depths:5 | Noticed a caustic shrike
 68584 | Depths:5 | Noticed a caustic shrike
 68590 | Depths:5 | Noticed a caustic shrike
 68590 | Depths:5 | Noticed a caustic shrike
 68590 | Depths:5 | Noticed a caustic shrike
 68592 | Depths:5 | Killed a caustic shrike
 68592 | Depths:5 | Reached skill level 15 in Conjurations
 68594 | Depths:5 | Killed a caustic shrike
 68610 | Depths:5 | Killed a caustic shrike
 68642 | Depths:5 | Killed a caustic shrike
 68653 | Depths:5 | Killed a caustic shrike
 68801 | Depths:5 | Found a gate to the Realm of Zot.
 68889 | Depths:5 | Reached XP level 24. HP: 133/214 MP: 4/40
 69876 | Depths:5 | Upgraded the game from 0.25-a0-110-ge29c8f2358 to
                  | 0.25-a0-160-gd1d2e81aba
 70201 | Slime:1  | Entered Level 1 of the Pits of Slime
 70203 | Slime:1  | Gained mutation: Your spells are a little easier to cast,
                  | but a little less powerful. [a shining eye]
 70215 | Slime:1  | Gained mutation: Your body sometimes deteriorates upon
                  | taking damage. [a shining eye]
 70215 | Slime:1  | Gained mutation: Your body often deteriorates upon taking
                  | damage. [a shining eye]
 70218 | Lair:6   | Gained mutation: You occasionally shout uncontrollably at
                  | your foes. [a shining eye]
 70393 | Lair:6   | Lost mutation: Your muscles are strong. (Str +2) [a shining
                  | eye]
 70917 | Slime:1  | Received a gift from Sif Muna
 71421 | Slime:3  | Reached skill level 1 in Translocations
 72098 | Slime:5  | Entered Level 5 of the Pits of Slime
 72275 | Swamp:1  | Lost mutation: Your body often deteriorates upon taking
                  | damage. [potion of mutation]
 72275 | Swamp:1  | Lost mutation: You are robust. (+10% HP) [potion of
                  | mutation]
 72275 | Swamp:1  | Gained mutation: You have sharp fingernails. [potion of
                  | mutation]
 72275 | Swamp:1  | Gained mutation: You are highly resistant to hostile
                  | enchantments. (MR++) [potion of mutation]
 72407 | D:12     | Bought a potion of mutation for 200 gold pieces
 72407 | D:12     | Lost mutation: Your body sometimes deteriorates upon taking
                  | damage. [potion of mutation]
 72407 | D:12     | Lost mutation: You passively map a small area around you.
                  | [potion of mutation]
 72407 | D:12     | Gained mutation: You expend magic power (3 MP) to
                  | strengthen your wands. [potion of mutation]
 72407 | D:12     | Gained mutation: You possess an exceptional clarity of
                  | mind. [potion of mutation]
 72468 | D:13     | Lost mutation: You expend magic power (3 MP) to strengthen
                  | your wands. [potion of mutation]
 72468 | D:13     | Lost mutation: You occasionally shout uncontrollably at
                  | your foes. [potion of mutation]
 72468 | D:13     | Lost mutation: You possess an exceptional clarity of mind.
                  | [potion of mutation]
 72468 | D:13     | Lost mutation: Your spells are a little easier to cast, but
                  | a little less powerful. [potion of mutation]
 72468 | D:13     | Gained mutation: You are frail. (-10% HP) [potion of
                  | mutation]
 72468 | D:13     | Gained mutation: You expend magic power (3 MP) to
                  | strengthen your wands. [potion of mutation]
 72751 | Slime:5  | Gained mutation: Your body sometimes deteriorates upon
                  | taking damage. [a shining eye]
 72755 | Slime:5  | Gained mutation: Your body often deteriorates upon taking
                  | damage. [a shining eye]
 73424 | Slime:4  | Identified Sif Muna's Tome of Ensnaring Transmutation (Sif
                  | Muna gifted it to you on level 4 of the Pits of Slime)
 73424 | Slime:4  | Received a gift from Sif Muna
 73741 | Slime:5  | Noticed the Royal Jelly
 73742 | Slime:5  | Found a viscous altar of Jiyva.
 73744 | Slime:5  | Found the +3 sling "Punk" {acid, rCorr}
 73768 | Slime:5  | HP: 7/152 [azure jelly[the Royal Jelly] (16)]
 73768 | Slime:5  | Slain by a death ooze

Levels and vault maps discovered:
D:1:      minmay_arrival_nine_rooms, layout_basic, st_stairs_9,
          hangedman_decor_slide_cut, nrook_campfire, serial_bayou_crossing
D:2:      layout_loops_ring, uniq_jessica
D:3:      layout_basic, lemuel_doored_altar, nrook_mini_vaults,
          skrybe_limestone_x, minmay_rat_hole, uniq_robin
D:4:      layout_basic, lemuel_coloured_pillars_altar, first_ration,
          hangedman_decor_riveting, nicolae_elemental_shop, hex_medium,
          lemuel_old_faithful
D:5:      layout_rooms, overflow_temple_1_default, tgw_trog,
          minmay_misc_feat_pillars, hangedman_abyss_or_decor_lesser_grid
D:6:      layout_loops_ring, minmay_temple_entry_ruins, hangedman_decor_push,
          uniq_crazy_yiuf_cottage
D:7:      layout_basic, minitemple, chequers_ossuary_entry_cave,
          solitary_fountain
D:8:      minmay_the_grid_plus [minmay_the_grid_slots, minmay_the_grid_embedded,
          minmay_the_grid_mess, minmay_the_grid_doors,
          minmay_the_grid_prize_four_corners_diamond_b], layout_cave_pods,
          kennysheep_mini, david_nohive_1
D:9:      layout_loops_ring, lemuel_zombie_altar_kikubaaqudgha, minivault_23,
          uniq_harold
D:10:     minmay_tri_box, layout_irregular_city, basic_altar
D:11:     layout_basic, minmay_lair_entry_grove, nicolae_trove_entry_columns,
          uniq_josephine
D:12:     layout_loops_ring, serial_shops, shop, nicolae_shop_behind_doors,
          shop_statue, nicolae_shop_overgrown_old_shop, shop,
          portal_ice_cave_demonic_guard, minmay_gold_behind_fungi
D:13:     layout_roguey, david_vaults_5
D:14:     layout_rooms, serial_glass, glass_columns_c, glass_columns_b,
          item_on_display_a, feat_on_display, due_unseen_surprise,
          item_on_display_a
D:15:     hangedman_depths_entry_civil_slaughter, layout_grid_maze
Lair:1:   layout_regular_city, uniq_sonja
Lair:2:   layout_chaotic_city, swamp_mist, uniq_urug
Lair:3:   layout_misc_corridors, ebering_ghost_inner_flame, beast_lair_carwin_9,
          grunt_megastairs_4
Lair:4:   layout_hall_layers, spider_nest_entry_rubble,
          chequers_serial_rivers_small_a, chequers_serial_rivers_large_b,
          minmay_hedge_maze, serial_bayou_pond_e, grunt_megastairs_5
Lair:5:   layout_small_grid
Lair:6:   minmay_lair_end_frog_pond, layout_gridlike, slime_dummy,
          lemuel_fruit_fields, infiniplex_staircase_pool_2, uniq_snorg
Swamp:1:  layout_falls_marsh, evilmike_swamp_ruin_house_4, uniq_kirke
Swamp:2:  layout_falls_marsh, serial_swamp_ruin, evilmike_swamp_ruin_rubble_1,
          evilmike_swamp_ruin_house_1, swamp_pool5, water_boxes_lemuel
Swamp:3:  cheibrodos_swamp_heart_of_darkness, layout_falls_marsh,
          ebering_ghost_inner_flame, nicolae_swamp_very_dense_foliage,
          uniq_aizul
Swamp:4:  swamp, layout_basic_swamp
Spider:1: layout_spider_delve
Spider:2: layout_spider_delve, nicolae_spider_stair_cavern
Spider:3: layout_spider_delve, uniq_bai_suzhen
Spider:4: grunt_spider_rune_circles, uniq_agnes
Slime:1:  layout_caves
Slime:2:  layout_caves
Slime:3:  layout_caves
Slime:4:  layout_caves
Slime:5
Orc:1:    layout_diamond_mine, serial_shops, shop, shop
Orc:2:    grunt_orc_gardens, layout_caves, grunt_orc_garden, grunt_orc_garden,
          grunt_orc_garden, grunt_orc_garden, gauntlet_entry_generic,
          serial_shops, nicolae_shop_waterfront, bloody_makhleb
Elf:1:    elf_arrival_001, layout_loops_cross, serial_shops,
          bzr_entry_customers, shop, minivault_28, uniq_donald
Elf:2:    layout_geoelf_grid, serial_shops, shop,
          nicolae_shop_competitors_out_of_business, shop
Elf:3:    nooodl_elf_gasket, layout_gridlike, basic_altar,
          einodemon_barbed_minivault
Vaults:1: gammafunk_vaults_ghost_split, ontoclasm_vaults_ring_small,
          vaults_dpeg_hooks, hangedman_vaults_river_flow, v_rooms_3,
          nicolae_vaults_asterisk, nicolae_vaults_meeting,
          nicolae_vaults_little_squares_3, ontoclasm_vaults_chip,
          nicolae_vaults_what_the_h, ontoclasm_vaults_claustrophobia,
          hangedman_vaults_pinch, hangedman_vaults_maws,
          vaults_mumra_chevron_long, grunt_vaults_diagonal, serial_ice_h,
          grunt_vaults_hallway_long, ontoclasm_vaults_pinch,
          layout_vaults_omnibox, uniq_asterion
Vaults:2: nicolae_vaults_three_branches, vaults_mumra_minichess, v_rooms_4,
          nicolae_vaults_big_ls, dpeg_vaults_monster_row,
          minmay_crypt_entry_simple_sparse, v_misc_29, nicolae_vaults_theta,
          nicolae_vaults_hallways_thing, vaults_room_fancy_cross,
          ontoclasm_vaults_decontamination, ontoclasm_vaults_twist,
          layout_vaults_big_cross, serial_shops, shop
Vaults:3: hangedman_vaults_corner, st_squares, v_misc_3, vaults_room_boxed,
          v_pattern_1, nicolae_vaults_network_quinsquares
          [nicolae_vaults_network_quincunx_subvault,
          nicolae_vaults_network_quincunx_subvault,
          nicolae_vaults_network_quincunx_subvault,
          nicolae_vaults_network_quincunx_subvault], ontoclasm_vaults_ligature,
          nicolae_vaults_stairing_the_circle, nicolae_vaults_little_ls,
          hangedman_vaults_impose, nicolae_vaults_little_squares_6,
          layout_vaults_big_room, basic_altar, serial_shops, shop
Vaults:4: vaults_room_octagon, v_misc_29, v_misc_33,
          nicolae_vaults_border_crossing, vaults_standard_mumra_x,
          vaults_room_pools, vaults_room_hallway, nicolae_vaults_alarming,
          grunt_vaults_hallway_long, layout_vaults_omnigrid, serial_shops,
          nicolae_shop_crystal, uniq_sojobo
Crypt:1:  layout_misc_corridors, basic_altar, grunt_ministairs_12,
          minicrypt_bobbens
Crypt:2:  layout_misc_corridors, grunt_ministairs_1, lemuel_nasty_fountain
Crypt:3:  lightli_unholy_cathedral, layout_chaotic_city,
          tomb_entry_moat_badplayer
Depths:1: layout_cave_pools, hell_entry, abyss_entry_crystal,
          serial_bayou_shore_a, fake_guardian_serpent_vault
Depths:2: vault_1, layout_gridlike, minmay_strange_pillars, serial_rivers,
          chequers_serial_rivers_marsh, chequers_serial_rivers_large_a,
          chequers_serial_rivers_small_3, chequers_serial_rivers_micro_c,
          hangedman_geh_valley
Depths:3: thingy_vault_2, layout_cave_pools, enter_ziggurat_a,
          kennysheep_cross_room, abyss_entry, hangedman_coc_ice_floe, pan_entry,
          minmay_multi_spiral
Depths:4: cheibrodos_tormentor_scu, layout_gridlike, abyss_entry_flame_altar,
          grunt_mini_vestibule, rand_demon_pan_entry_8, serial_corexii_hall,
          chequers_hall_statues_y, corexii_hall_statues_i, minmay_door_square,
          chequers_decorated_corner
Depths:5: grunt_x_marks_the_spot, layout_gridlike, hell_entry,
          chequers_serial_rivers_micro_d, serial_bayou_shore_b

Skill      XL: |  1  2  3  4  5  6  7  8  9 10 11 12 13 14 15 16 17 18 19 20 21 22 23 24 |
---------------+-------------------------------------------------------------------------+-----
Short Blades   | 2 3 4 5 6 7 9 10 | 10.0
Stealth        | 5 6 7 8 9 10 11 13 15 | 15.0
Hexes          | 5 6 7 8 9 11 13 14 15 | 15.0
Invocations    | 1 3 4 5 8 9 10 | 10.0
Fighting       | 4 9 10 12 13 15 17 | 17.8
Dodging        | 7 10 11 13 15 | 15.0
Spellcasting   | 5 8 10 11 13 | 13.0
Air Magic      | 3 8 10 12 15 16 17 | 17.8
Conjurations   | 3 6 9 10 12 14 15 | 15.8
Evocations     | 1 4 6 8 |  8.0
Armour         | 4 7 8 |  8.0
Ice Magic      | 5 13 14 | 14.0
Shields        | 3 4 |  4.0
Translocations | 2 |  2.6

Action                   |  1- 3 |  4- 6 |  7- 9 | 10-12 | 13-15 | 16-18 | 19-21 | 22-24 || total
-------------------------+-------+-------+-------+-------+-------+-------+-------+-------++-------
Melee: Dagger            |   114 |   404 |   558 |  1006 |  1711 |       |       |       ||  3793
       Bite              |     7 |    39 |    54 |   117 |   211 |   248 |   393 |   515 ||  1584
       Kick              |       |       |       |   186 |   589 |    57 |       |       ||   832
       Quick blade       |       |       |       |       |   114 |  1845 |  2505 |  2866 ||  7330
       Staff             |       |       |       |       |       |       |       |    30 ||    30
Throw: Stone             |       |       |     1 |     2 |       |       |       |       ||     3
       Dart              |       |       |       |     8 |    20 |       |       |       ||    28
       Boomerang         |       |       |       |       |       |    21 |     6 |    14 ||    41
 Cast: Corona            |     1 |       |     2 |       |       |       |       |       ||     3
       Ensorcelled Hiber |     2 |     9 |    42 |    84 |   124 |   227 |    33 |    19 ||   540
       Confuse           |       |     3 |    13 |    44 |    88 |   134 |   114 |    17 ||   413
       Tukima's Dance    |       |       |     9 |    19 |    24 |    23 |    60 |    44 ||   179
       Invisibility      |       |       |       |     5 |    19 |    11 |     7 |     4 ||    46
       Discord           |       |       |       |       |     2 |     1 |     1 |     1 ||     5
       Airstrike         |       |       |       |       |    72 |   123 |    37 |    64 ||   296
       Cause Fear        |       |       |       |       |     1 |     2 |       |       ||     3
       Freezing Cloud    |       |       |       |       |     1 |       |     3 |     3 ||     7
       Alistair's Intoxi |       |       |       |       |     1 |       |       |       ||     1
       Lightning Bolt    |       |       |       |       |       |     2 |     5 |     6 ||    13
       Malign Gateway    |       |       |       |       |       |     2 |     2 |       ||     4
       Glaciate          |       |       |       |       |       |     1 |       |       ||     1
       Confusing Touch   |       |       |       |       |       |       |    40 |    66 ||   106
       Conjure Ball Ligh |       |       |       |       |       |       |     1 |     3 ||     4
       Fire Storm        |       |       |       |       |       |       |     1 |       ||     1
       Blink             |       |       |       |       |       |       |       |     4 ||     4
       Summon Butterflie |       |       |       |       |       |       |       |     1 ||     1
       Tornado           |       |       |       |       |       |       |       |     1 ||     1
Invok: Divine Exegesis   |       |       |       |       |     4 |     4 |     4 |     2 ||    14
       Channel Magic     |       |       |       |       |       |     2 |       |     1 ||     3
 Abil: Exsanguinate      |       |       |       |       |       |       |     1 |     1 ||     2
       Revivify          |       |       |       |       |       |       |     1 |       ||     1
Evoke: Wand              |       |       |     1 |     1 |     1 |     1 |     1 |       ||     5
       Lightning rod     |       |       |       |       |       |     4 |       |       ||     4
       Lamp of fire      |       |       |       |       |       |     2 |       |       ||     2
       Phial of floods   |       |       |       |       |       |     1 |       |       ||     1
       Fan of gales      |       |       |       |       |       |       |       |     1 ||     1
  Use: Scroll            |       |     8 |    16 |    10 |    16 |    19 |    15 |    15 ||    99
       Potion            |       |       |     3 |     3 |     3 |     7 |     4 |     7 ||    27
 Stab: Sleeping          |     8 |    23 |    35 |    67 |   127 |   156 |   112 |    50 ||   578
       Distracted        |       |     1 |     2 |     1 |     3 |     3 |     8 |    10 ||    28
       Confused          |       |     1 |     9 |    33 |    72 |    94 |   127 |   103 ||   439
       Invisible         |       |       |       |    17 |    88 |    42 |    17 |    23 ||   187
       Held in net/web   |       |       |       |       |       |     1 |       |       ||     1
Armor: Robe              |    36 |       |       |       |       |       |       |       ||    36
       Ring mail         |     1 |   143 |   202 |    30 |       |       |       |       ||   376
       Skin              |       |       |     1 |       |       |       |       |       ||     1
       Steam dragon scal |       |       |       |   230 |   108 |       |       |       ||   338
       Swamp dragon scal |       |       |       |       |   206 |   549 |       |       ||   755
       Fire dragon scale |       |       |       |       |       |   123 |   579 |   795 ||  1497
Dodge: Dodged            |    70 |   171 |   203 |   479 |  1254 |  1275 |   825 |  1066 ||  5343
Block: Other             |       |       |       |     1 |       |       |       |       ||     1
       Buckler           |       |       |       |       |       |       |       |   232 ||   232

Table legend:
 A = Non-vault XP
 B = Vault XP
 C = Vault XP percentage of total XP
 D = Non-vault monster count
 E = Vault monster count
 F = Vault count percentage of total count
                 A         B        C        D         E       F
            +---------+---------+-------+---------+---------+-------
      Total |  602517 |  482142 |  44.5 |    1488 |     803 |  35.1
            +---------+---------+-------+---------+---------+-------
        D:1 |      16 |       4 |  20.0 |       9 |       3 |  25.0
        D:2 |      68 |      37 |  35.2 |      20 |       1 |   4.8
        D:3 |     170 |      54 |  24.1 |      39 |      31 |  44.3
        D:4 |     323 |       0 |   0.0 |      14 |       0 |   0.0
        D:5 |    1350 |     486 |  26.5 |      29 |       6 |  17.1
        D:6 |    1025 |      39 |   3.7 |      26 |       1 |   3.7
        D:7 |     730 |       0 |   0.0 |      12 |       0 |   0.0
        D:8 |    2383 |    4039 |  62.9 |      45 |      32 |  41.6
        D:9 |    1869 |     992 |  34.7 |      37 |       1 |   2.6
       D:10 |    1991 |    2758 |  58.1 |      15 |       6 |  28.6
       D:11 |    4037 |    4191 |  50.9 |      38 |      19 |  33.3
       D:12 |    4480 |     666 |  12.9 |      37 |       2 |   5.1
       D:13 |    4943 |    1066 |  17.7 |      17 |       3 |  15.0
       D:14 |    6484 |       0 |   0.0 |      23 |       0 |   0.0
       D:15 |    9786 |    3304 |  25.2 |      32 |       6 |  15.8
     Lair:1 |    5723 |     795 |  12.2 |      28 |       1 |   3.4
     Lair:2 |    4402 |     779 |  15.0 |      15 |       1 |   6.2
     Lair:3 |    4520 |    2475 |  35.4 |      13 |       7 |  35.0
     Lair:4 |    3261 |    2842 |  46.6 |      15 |       7 |  31.8
     Lair:5 |    4764 |       0 |   0.0 |      17 |       0 |   0.0
     Lair:6 |   27249 |   11072 |  28.9 |      61 |      49 |  44.5
    Swamp:1 |    9460 |    2080 |  18.0 |      32 |       1 |   3.0
    Swamp:2 |    9971 |       0 |   0.0 |      23 |       0 |   0.0
    Swamp:3 |   10037 |    7638 |  43.2 |      26 |      10 |  27.8
    Swamp:4 |    7770 |    8620 |  52.6 |      20 |      25 |  55.6
   Spider:1 |   11700 |       0 |   0.0 |      34 |       0 |   0.0
   Spider:2 |   16579 |       0 |   0.0 |      39 |       0 |   0.0
   Spider:3 |   14541 |    2659 |  15.5 |      24 |       1 |   4.0
   Spider:4 |   16426 |   26709 |  61.9 |      47 |      41 |  46.6
    Slime:1 |    9487 |       0 |   0.0 |      18 |       0 |   0.0
    Slime:2 |    6560 |       0 |   0.0 |       8 |       0 |   0.0
    Slime:3 |    7267 |       0 |   0.0 |      27 |       0 |   0.0
    Slime:4 |   14638 |     125 |   0.8 |      19 |       1 |   5.0
    Slime:5 |   10921 |   13897 |  56.0 |      17 |       7 |  29.2
      Orc:1 |    2892 |     244 |   7.8 |      28 |       2 |   6.7
      Orc:2 |    3894 |    7778 |  66.6 |      25 |      25 |  50.0
      Elf:1 |   20709 |    8708 |  29.6 |      34 |      16 |  32.0
      Elf:2 |   17828 |   22360 |  55.6 |      29 |      28 |  49.1
      Elf:3 |   12849 |   65956 |  83.7 |      20 |      52 |  72.2
   Vaults:1 |   18580 |   31080 |  62.6 |      39 |      49 |  55.7
   Vaults:2 |   11836 |   39967 |  77.2 |      26 |      58 |  69.0
   Vaults:3 |   31309 |   31647 |  50.3 |      72 |      44 |  37.9
   Vaults:4 |   34697 |   17207 |  33.2 |      49 |      22 |  31.0
    Crypt:1 |   21389 |    7987 |  27.2 |      40 |      16 |  28.6
    Crypt:2 |   10874 |    4175 |  27.7 |      18 |       3 |  14.3
    Crypt:3 |   26381 |   35945 |  57.7 |      47 |      42 |  47.2
   Depths:1 |   19053 |     470 |   2.4 |      30 |       1 |   3.2
   Depths:2 |   42119 |   21825 |  34.1 |      64 |      29 |  31.2
   Depths:3 |   26037 |   45032 |  63.4 |      44 |      41 |  48.2
   Depths:4 |   33339 |    9843 |  22.8 |      30 |      18 |  37.5
   Depths:5 |   33800 |   25764 |  43.3 |      17 |      16 |  48.5
    Ossuary |       0 |     110 | 100.0 |       0 |      21 | 100.0
      IceCv |       0 |    6713 | 100.0 |       0 |      54 | 100.0
   Gauntlet |       0 |    2004 | 100.0 |       0 |       4 | 100.0
            +---------+---------+-------+---------+---------+-------
